 Dungeon Crawl Stone Soup version 0.29.1-2-gbd0b4ee654 (webtiles) character file.

Game seed: 10517577988308180051

21461 Descartes the Covert (level 12, -1/51 HPs)
             Began as a Spriggan Air Elementalist on Nov 13, 2022.
             Was an Initiate of Gozag.
             Shot with an arrow by a centaur warrior (26 damage)
             ... on level 13 of the Dungeon.
             The game lasted 01:04:50 (22683 turns).

Descartes the Covert (Spriggan Air Elementalist)   Turns: 22683, Time: 01:04:51

Health: -1/51      AC: 10    Str:  4    XL:     12   Next: 54%
Magic:  13/29      EV: 23    Int: 22    God:    Gozag
Gold:   2087       SH:  0    Dex: 15    Spells: 1/21 levels left

rFire   + . .      SeeInvis +   X - +10 falchion of the Messenger {speed, *Rage Fly rCorr Stlth+}
rCold   . . .      Faith    .   (no shield)
rNeg    + . .      Spirit   .   J - +0 steam dragon scales
rPois   +          Reflect  .   (helmet restricted)
rElec   .          Harm     .   u - +0 cloak
rCorr   +          Rampage  .   (gloves unavailable)
Will    ++...      Rage     20% (boots unavailable)
Stlth   ++++++....              w - amulet of magic regeneration
HPRegen 0.17/turn               h - +4 ring of protection
MPRegen 0.61/turn               S - ring of Hoptiuckai {Fly rPois rF+ rN+ MP+9}

@: gold aura, flying, very quick
A: very small, no large weapons, unfitting armour, see invisible, speed 3
a: Renounce Religion, Potion Petition, Call Merchant, Bribe Branch


You were on level 13 of the Dungeon.
You worshipped Gozag.
Gozag was most pleased with you.
You visited 2 branches of the dungeon, and saw 14 of its levels.
You also visited: Ossuary.

You collected 2375 gold pieces.
You spent 200 gold pieces at shops.
You paid 88 gold pieces to Gozag.

Inventory:

Hand Weapons
 d - a +0 sling
 A - a +1 dagger of electrocution
 B - a +1 dagger of venom
 I - a +0 scimitar of flaming
 X - the +10 falchion of the Messenger (weapon) {speed, *Rage Fly rCorr Stlth+}
   (You found it on level 8 of the Dungeon)

   Attacks with this weapon are significantly faster.
   Fly:       It grants you flight.
   *Rage:     It berserks you when you make melee attacks (+20% chance).
   rCorr:     It protects you from acid and corrosion.
   Stlth:     It makes you more stealthy.
 Y - a +0 rapier
Missiles
 a - 23 poisoned darts
 c - a curare-tipped dart
 T - 2 throwing nets
Armour
 u - a +0 cloak (worn)
 C - the +1 gold dragon scales "Wumm" {*Corrode rPois rF+ rC+ Int-3 Dex+8 Slay+5}
   (You took it off an orc priest on level 12 of the Dungeon)

   Int:       It affects your intelligence (-3).
   Dex:       It affects your dexterity (+8).
   Slay:      It affects your accuracy & damage with ranged weapons and melee
   (+5).
   rF:        It protects you from fire.
   rC:        It protects you from cold.
   rPois:     It protects you from poison.
   *Corrode:  It may corrode you when you take damage.
 E - the +0 robe of Analysis {Str+2}
   (You found it on level 5 of the Dungeon)

   Str:       It affects your strength (+2).
 J - +0 steam dragon scales (worn)
 Z - the +1 hat of Otek {rCorr Str-4 Int+3}
   (You found it on level 12 of the Dungeon)

   Str:       It affects your strength (-4).
   Int:       It affects your intelligence (+3).
   rCorr:     It protects you from acid and corrosion.
Jewellery
 h - a +4 ring of protection (left hand)
 l - the ring of Cheibriados's Envy {Ice rPois Str+4}
   (You took it off an orc priest on level 12 of the Dungeon)

   [ring of ice]

   It enhances your ice magic.
   Str:       It affects your strength (+4).
   rF:        It makes you vulnerable to fire.
   rC:        It protects you from cold.
   rPois:     It protects you from poison.
 o - an amulet of guardian spirit
 w - an amulet of magic regeneration (around neck)
 O - an amulet of the acrobat
 S - the ring of Hoptiuckai (right hand) {Fly rPois rF+ rN+ MP+9}
   (You found it on level 9 of the Dungeon)

   [ring of magical power]

   rF:        It protects you from fire.
   rPois:     It protects you from poison.
   rN:        It protects you from negative energy.
   MP:        It affects your magic capacity (+9).
   Fly:       It grants you flight.
Wands
 G - a wand of iceblast (11)
 P - a wand of mindburst (3)
 V - a wand of acid (6)
Scrolls
 e - a scroll of magic mapping {unknown}
 f - 10 scrolls of teleportation
 g - 2 scrolls of enchant weapon
 i - 3 scrolls of poison
 j - 3 scrolls of vulnerability
 n - 2 scrolls of immolation
 v - 2 scrolls of fear {unknown}
 y - a scroll of butterflies {unknown}
 D - 2 scrolls of enchant armour {unknown}
 K - a scroll of summoning {unknown}
 L - 2 scrolls of torment {unknown}
 M - 3 scrolls of amnesia {unknown}
 R - a scroll of brand weapon {unknown}
 U - a scroll of acquirement {unknown}
Potions
 b - 3 potions of magic
 k - 2 potions of attraction
 m - 10 potions of curing
 p - a potion of berserk rage {unknown}
 q - 3 potions of haste
 s - 3 potions of resistance
 t - a potion of ambrosia {unknown}
 x - 2 potions of flight
 z - a potion of might {unknown}
 F - a potion of invisibility {unknown}
 H - 6 potions of heal wounds
 N - 4 potions of lignification
 Q - 3 potions of cancellation
 W - a potion of degeneration {unknown}


   Skills:
 + Level 11.2 Dodging
 + Level 13.2 Stealth
 - Level 5.0 Spellcasting
 * Level 9.3 Conjurations
 * Level 11.3 Air Magic
 + Level 4.8 Evocations


You had one spell level left.
You knew the following spells:

 Your Spells              Type           Power      Damage    Failure   Level
a - Shock                 Conj/Air       100%       1d9       1%          1
b - Static Discharge      Conj/Air       50%        3-10/arc  1%          2
c - Airstrike             Air            26%        2d(4-20)  1%          4
d - Maxwell's Capacitive  Air            26%        ∞         99%         8
e - Lightning Bolt        Conj/Air       25%        1d41      4%          5

Your spell library contained the following spells:

 Spells                   Type           Power      Damage    Failure   Level
 Necrotise                Necr           20%        1d5       10%         1
 Swiftness                Air            53%        N/A       1%          3
 Ensorcelled Hibernation  Hex/Ice        10%        N/A       16%         2
 Spider Form              Tmut/Pois      5%         N/A       30%         3
 Vampiric Draining        Necr           5%         2d6       30%         3
 Anguish                  Hex/Necr       2%         N/A       69%         4
 Agony                    Necr           5%         N/A       95%         5
 Borgnjor's Revivificati  Necr           2%         N/A       100%        8
 Necromutation            Tmut/Necr      2%         N/A       100%        8
 Death's Door             Necr           2%         N/A       100%        9


Dungeon Overview and Level Annotations

Branches:
Dungeon (13/15)            Temple (1/1) D:5            Lair (0/5) D:11
    Orc (0/2) D:12        Ossuary (visited)
 Vaults: D:13-14

Altars:
Ashenzari
Cheibriados
Dithmenos
Elyvilon
Fedhas
Gozag
Hepliaklqana
Kikubaaqudgha
Makhleb
Nemelex Xobeh
Qazlal
Ru
Sif Muna
Trog
Uskayaw
Vehumet
Wu Jian
Xom
Yredelemnul
Zin
The Shining One

Shops:
D:5 *   D:6 :

Annotations:
D:6 brob1's ghost, novice MiBe


Innate Abilities, Weirdness & Mutations

You are very small and have problems with some larger weapons.
You are too small for most types of armour.
You have supernaturally acute eyesight. (SInv)
You cover ground extremely quickly. (Speed+++)


Message History

You hear a shout!
There is a stone staircase leading up here.
Casting: Airstrike (dangerous; 1% risk of failure)
Confirm with . or Enter, or press ? or * to list all spells.
Aiming: Airstrike (dangerous; 1% risk of failure)
Press: ? - help, Dir - move target, f - centaur warrior
Aim: a centaur warrior, wielding a +0 shortbow (empty space bonus: 6/8)
The air twists around and strikes the centaur warrior!
The centaur warrior is moderately wounded.
The centaur warrior shoots an arrow.
The arrow hits you.
The centaur warrior shoots an arrow.
The arrow misses you.
Casting: Airstrike (dangerous; 1% risk of failure)
Confirm with . or Enter, or press ? or * to list all spells.
Aiming: Airstrike (dangerous; 1% risk of failure)
Press: ? - help, Dir - move target, f/p - centaur warrior
Aim: a centaur warrior, wielding a +0 shortbow (moderately wounded, empty space bonus: 5/8)
The air twists around and strikes the centaur warrior!
The centaur warrior is heavily wounded.
Casting: Airstrike (dangerous; 1% risk of failure)
Confirm with . or Enter, or press ? or * to list all spells.
You don't know that spell.
Unknown command.
Casting: Airstrike (dangerous; 1% risk of failure)
Confirm with . or Enter, or press ? or * to list all spells.
Aiming: Lightning Bolt (dangerous; 4% risk of failure)
Press: ? - help, Shift-Dir - straight line, f/p - centaur warrior
Aim: a centaur warrior, wielding a +0 shortbow (heavily wounded, 74% to hit)
You hear a mighty clap of thunder!
The bolt of lightning hits the centaur warrior!!!
You kill the centaur warrior!
The bolt of lightning hits the centaur warrior.
The centaur warrior is lightly wounded.
You hear a shout!
You hear an angry buzzing noise. x2; You hear a shout! x5
You hear a howl!
You hear a shout!
You hear a roar!
You hear a shout!
The centaur warrior shoots an arrow.
The arrow hits you!!
The centaur warrior shoots an arrow.
The arrow completely misses you.
The centaur warrior shoots an arrow.
The arrow hits you!!
Ouch! That really hurt!
You die...
Your body crumbles into a pile of gold.

$ #. #.#######....# . #.
#.#..........' ..####.##
#.#.##..#....#
..J.....#.#.#.##..#....#
..c.....#.#.#.##..#....#
#.Jc...c..#.#.....#....+
####$###.####.##....#
#....#...........#+##
#...@#.#......#..#
#.##.#.###########
#.............
##############


You could see a centaur warrior.

Vanquished Creatures
  The ghost of Avanven the Brawler, a journeyman TrFi of Okawaru (D:11)
  A boulder beetle (D:11)
  A centaur warrior (D:13)
  5 two-headed ogres
  5 skeletal warriors
  An orc knight (D:12)
  A deep elf pyromancer (D:12)
  2 cyclopes
  An ugly thing (D:12)
  Joseph (D:9)
  Maggie (D:6)
  2 gargoyles
  2 kobold demonologists (D:11)
  An unseen horror (D:8)
  A komodo dragon (D:12)
  Grinder (D:6)
  Prince Ribbit (D:6)
  A troll (D:10)
  A slime creature (D:12)
  3 wraiths
  A shadow (D:8)
  12 yaks (D:9)
  A wyvern (D:10)
  A vampire (D:10)
  3 steam dragons
  A warg (D:12)
  3 water moccasins
  4 acid dragons
  9 orc warriors
  4 black bears
  An ice beast (D:4)
  A sky beast (D:6)
  An ogre (D:7)
  10 centaurs
  2 phantoms
  4 kobold brigands
  An elf zombie (Ossuary)
  6 bullfrogs
  A necrophage (D:6)
  3 scorpions
  3 wights (D:6)
  9 killer bees
  2 howler monkeys (D:8)
  A jelly (D:4)
  A centaur zombie (Ossuary)
  3 hounds
  9 orc priests
  8 orc wizards
  3 iguanas
  2 mummies (Ossuary)
  14 gnolls
  9 adders
  A shadow imp (D:6)
  2 white imps
  An ufetubus (D:4)
  An adder zombie (Ossuary)
  5 worms
  27 orcs
  2 bats
  6 endoplasms
  3 giant cockroaches
  10 goblins
  7 hobgoblins
  19 kobolds
  3 quokkas
  5 ball pythons
  8 frilled lizards
  2 goblin zombies (Ossuary)
  9 hobgoblin zombies (Ossuary)
  3 jackal zombies (Ossuary)
  6 kobold zombies (Ossuary)
  11 orc zombies (Ossuary)
  9 rats
  3 rat zombies (Ossuary)
309 creatures vanquished.

Vanquished Creatures (others)
  A yak (D:9)
  11 fungi (D:11)
  13 plants
25 creatures vanquished.

Grand Total: 334 creatures vanquished

Notes
Turn   | Place    | Note
-------+----------+-------------------------------------------
     0 | D:1      | Descartes the Spriggan Air Elementalist began the quest for
                  | the Orb.
     0 | D:1      | Reached XP level 1. HP: 9/9 MP: 5/5
   217 | D:1      | Reached skill level 1 in Conjurations
   272 | D:1      | Reached XP level 2. HP: 13/13 MP: 4/6
  1148 | D:2      | Reached XP level 3. HP: 16/16 MP: 1/8
  1428 | D:2      | Reached XP level 4. HP: 21/21 MP: 2/9
  2362 | D:3      | Reached skill level 4 in Stealth
  2537 | D:3      | Reached XP level 5. HP: 24/24 MP: 2/11
  2868 | D:3      | Found a faded altar of an unknown god.
  3080 | D:3      | Found a glowing silver altar of Zin.
  3190 | D:3      | Found a bloodstained altar of Trog.
  4534 | D:4      | Reached XP level 6. HP: 28/28 MP: 7/12
  5040 | D:5      | Entered Level 5 of the Dungeon
  5191 | D:5      | Noticed an ice beast
  5231 | D:4      | Killed an ice beast
  5232 | D:4      | Reached skill level 5 in Stealth
  5354 | D:5      | Found a staircase to the Ecumenical Temple.
  5362 | D:5      | Found Enell's General Store.
  5364 | Temple   | Entered the Ecumenical Temple
  5759 | D:5      | Noticed a water moccasin
  5829 | D:5      | Reached XP level 7. HP: 32/32 MP: 10/14
  5835 | D:5      | Identified the +0 robe of Analysis {Str+2}
  6592 | D:5      | Found a sparkling altar of Nemelex Xobeh.
  6593 | D:5      | Found an opulent altar of Gozag.
  6665 | D:5      | Became a worshipper of Gozag Ym Sagoz the Greedy
  6718 | D:5      | Reached skill level 5 in Air Magic
  6796 | D:5      | Bought a scroll of poison for 40 gold pieces
  6796 | D:5      | Bought a potion of curing for 30 gold pieces
  6796 | D:5      | Bought a potion of resistance for 100 gold pieces
  6796 | D:5      | Bought a potion of attraction for 30 gold pieces
  6850 | D:6      | Found a sand-covered staircase.
  6856 | Ossuary  | Entered an ossuary
  7319 | Ossuary  | Reached skill level 5 in Dodging
  7319 | Ossuary  | Reached skill level 6 in Stealth
  7396 | Ossuary  | Reached skill level 5 in Spellcasting
  7482 | Ossuary  | Reached XP level 8. HP: 36/36 MP: 2/16
  7948 | D:6      | Noticed Prince Ribbit
  7950 | D:6      | Noticed Maggie
  7969 | D:6      | Killed Prince Ribbit
  7973 | D:6      | Killed Maggie
  7974 | D:6      | Reached skill level 7 in Stealth
  8209 | D:6      | Found Ynauts's Book Shoppe.
  8477 | D:6      | Reached XP level 9. HP: 39/39 MP: 11/17
  8594 | D:6      | Learned a level 2 spell: Static Discharge
  8655 | D:6      | Noticed Grinder
  8665 | D:6      | Killed Grinder
  8666 | D:6      | Reached skill level 5 in Conjurations
  8751 | D:6      | Found a large runed translucent door.
  8751 | D:6      | Found a large runed translucent door.
  8753 | D:6      | Noticed brob1's ghost (novice MiBe)
  8764 | D:6      | Reached skill level 8 in Stealth
  9334 | D:6      | Found a hazy altar of Hepliaklqana.
 10095 | D:7      | Found an ornate altar of the Wu Jian Council.
 10287 | D:7      | Identified the +1 leather armour of the Lute {Int+3}
 10581 | D:8      | You fall into a shaft and drop 3 floors!
 10615 | D:10     | Entered Level 10 of the Dungeon
 11512 | D:10     | Reached skill level 9 in Stealth
 11517 | D:10     | Learned a level 4 spell: Airstrike
 12040 | D:10     | Reached XP level 10. HP: 34/44 MP: 4/18
 12448 | D:9      | Identified the ring of Hoptiuckai {Fly rPois rF+ rN+ MP+9}
 12622 | D:9      | Found a broken altar of Ashenzari.
 13002 | D:9      | Noticed a two-headed ogre
 13030 | D:9      | Killed a two-headed ogre
 13031 | D:9      | Reached skill level 10 in Stealth
 13560 | D:9      | Noticed Joseph
 13578 | D:9      | Killed Joseph
 14162 | D:8      | Noticed a two-headed ogre
 14187 | D:8      | Killed a two-headed ogre
 14188 | D:8      | Reached skill level 11 in Stealth
 14188 | D:8      | Reached XP level 11. HP: 47/47 MP: 10/19
 14710 | D:8      | Learned a level 8 spell: Maxwell's Capacitive Coupling
 14877 | D:8      | Found a burning altar of Makhleb.
 15546 | D:8      | Identified the +10 falchion of the Messenger {speed, *Rage
                  | Fly rCorr Stlth+}
 15877 | D:11     | Noticed a two-headed ogre
 16438 | D:11     | Killed a two-headed ogre
 16439 | D:11     | Reached skill level 10 in Air Magic
 16856 | D:11     | Reached skill level 10 in Dodging
 16946 | D:11     | Noticed a two-headed ogre
 17202 | D:11     | Learned a level 5 spell: Lightning Bolt
 17322 | D:11     | Killed a two-headed ogre
 17323 | D:11     | Reached skill level 12 in Stealth
 17323 | D:11     | Reached skill level 1 in Evocations
 17565 | D:11     | Found a staircase to the Lair.
 17757 | D:11     | Noticed a boulder beetle
 17765 | D:11     | Killed a boulder beetle
 18190 | D:12     | Noticed a skeletal warrior
 18190 | D:12     | Noticed a skeletal warrior
 18190 | D:12     | Noticed a skeletal warrior
 18191 | D:12     | Noticed a skeletal warrior
 18192 | D:12     | Noticed a skeletal warrior
 18420 | D:12     | Noticed a two-headed ogre
 18524 | D:12     | Found a runed translucent gate.
 18524 | D:12     | Found a runed translucent gate.
 18524 | D:12     | Found a runed translucent gate.
 18571 | D:12     | Noticed a deep elf pyromancer
 18582 | D:12     | Killed a deep elf pyromancer
 18795 | D:12     | Noticed a purple ugly thing
 18800 | D:12     | Killed a purple ugly thing
 19252 | D:12     | Noticed an orc knight
 19255 | D:12     | Noticed Avanven's ghost (journeyman TrFi)
 19644 | D:11     | Killed a skeletal warrior
 19645 | D:11     | Reached XP level 12. HP: 51/51 MP: 5/20
 20055 | D:12     | Found a staircase to the Orcish Mines.
 20110 | D:12     | Identified the +1 gold dragon scales "Wumm" {*Corrode rPois
                  | rF+ rC+ Int-3 Dex+8 Slay+5}
 20110 | D:12     | Identified the ring of Cheibriados's Envy {Ice rPois Str+4}
 20124 | D:12     | Killed a two-headed ogre
 20919 | D:11     | Killed Avanven's ghost
 20920 | D:11     | Reached skill level 13 in Stealth
 22437 | D:12     | Identified the +1 hat of Otek {rCorr Str-4 Int+3}
 22674 | D:13     | Noticed a centaur warrior
 22675 | D:13     | Noticed a centaur warrior
 22682 | D:13     | Killed a centaur warrior
 22683 | D:13     | Shot with an arrow by a centaur warrior

Illustrated notes

Levels and vault maps discovered:
D:1:      amcnicky_arrival_single_pillar, layout_basic, serial_bayou_lagoon_a
D:2:      layout_loops_ring, minmay_tromino_v4_b
D:3:      layout_loops_corners, nicolae_overflow_hidden_temple, serial_forest,
          infiniplex_forest_straight_3, infiniplex_forest_straight_2,
          infiniplex_forest_clump_small, infiniplex_forest_side_room,
          shapermc_ecumenical_altar_pompeii, minmay_goblin_kobold_house
D:4:      layout_loops_corners, roderic_roman_lattice, sigmund_army
D:5:      layout_rooms, grunt_temple_overflow_opulence,
          minmay_temple_entry_glass, serial_shops, shop
D:6:      layout_loops_ring, worldfamousw_hep_ancestral_shrine,
          lightli_ossuary_entry_decrepit_ruins, ebering_ghost_disaster_area,
          serial_shops, shop, uniq_prince_ribbit1, uniq_grinder, uniq_maggie
D:7:      layout_rooms, nicolae_wu_jian_immortal_techniques, dk_noncrumbling_3
D:8:      layout_gridville, lightli_temple_of_fire, minmay_bent
D:9:      layout_roguey, nicolae_ashenzari_skybound, uniq_joseph
D:10:     layout_roguey
D:11:     layout_loops_cross, grunt_lair_entry_orc_guard_hut
D:12:     layout_loops_ring, orc_0_dummy, biasface_ghost_orc_armoury
D:13:     cheibrodos_fzero, layout_basic, david_vaults_4, uniq_snorg
Temple:   nicolae_temple_figure_eight

Skill      XL: |  1  2  3  4  5  6  7  8  9 10 11 12 |
---------------+-------------------------------------+-----
Conjurations   | 1 2 3 4 6 7 8 9 |  9.3
Air Magic      | 3 4 5 6 8 9 10 11 | 11.3
Spellcasting   | 3 4 5 |  5.0
Dodging        | 3 4 5 6 7 9 10 11 | 11.2
Stealth        | 4 5 6 7 9 11 12 13 | 13.2
Evocations     | 3 4 |  4.8

Action                   |  1- 3 |  4- 6 |  7- 9 | 10-12 || total
-------------------------+-------+-------+-------+-------++-------
Melee: Dagger            |       |     5 |    79 |    15 ||    99
       Punch             |       |       |       |     1 ||     1
       Falchion          |       |       |       |    25 ||    25
 Cast: Shock             |    62 |   171 |   417 |   296 ||   946
       Airstrike         |       |       |       |   167 ||   167
       Lightning Bolt    |       |       |       |    12 ||    12
       Static Discharge  |       |       |       |     6 ||     6
Evoke: Wand              |       |       |       |    11 ||    11
  Use: Scroll            |       |       |     3 |     7 ||    10
 Stab: Sleeping          |       |       |     2 |     4 ||     6
       Distracted        |       |       |       |     1 ||     1
Armor: Robe              |       |     6 |     9 |       ||    15
       Steam dragon scal |       |       |     8 |    30 ||    38
Dodge: Dodged            |     2 |    16 |   149 |   174 ||   341
